Cogmind - Beta 15 @@@ ROGUE MODE // 2025.05.10 @ 14:45:46 Player: Dosh Result: Destroyed by G-67 Veteran with Plasma Rifle Performance ------------- Evolutions (7) 3500 Regions Visited (21) 4200 Robots Destroyed (439) 2195 Value Destroyed (23297) 23297 Prototype IDs (53) 1060 Alien Tech Used (4) 800 Bonus (12113) 12113 TOTAL SCORE: 47165 Bonus ------- High Alert Combat Kills 1721 Follower Combat Kills 2336 Forged Quantum Companion 2000 Entered Garrisons 200 Used RIF Installer 1000 Network Hubs Disabled 200 Registered with UFD 300 Met Optimus in HQ 500 Met Zhirov 300 Built Enhanced Grunts 300 A7 Reached Mainframe 300 Met R17 at Cetus 500 Met R17 at Research 2000 Met Optimus at Protoforge 1000 Friendly Fire -544 Cogmind --------- Core Integrity 0/1300 Matter 300/300 Energy 342/350 System Corruption 25% Temperature Cool (24) Movement Walking (113) Location -3/Protoforge Parts ------- > --- POWER (2) -------- Improved Quantum Reactor > --- PROPULSION (6) --- Improved Thunder Leg Improved Thunder Leg Enhanced Biometal Leg > --- UTILITY (11) ----- High-capacity Storage Unit Experimental Optical Array Advanced Melee Analysis Suite Microactuators Experimental Reaction Control System Centrium Light Armor Plating Centrium Medium Armor Plating Graphene Brace Concept Antimissile System > --- WEAPON (2) ------- Superquantum Companion > --- INVENTORY (20) --- Light Quantum Reactor Improved Quantum Reactor Experimental Cooling System Advanced Energy Well (500) Plexus Tether Experimental Cloaking Device Experimental EM Shield Phase Redirector Relay Coupler [Grunt] (21) Advanced Component Analysis Suite Micro-nuke Launcher Advanced Remote Datajack Peak State ------------ > --- POWER ------------ Improved Quantum Reactor Improved Quantum Reactor > --- PROPULSION ------- Enhanced Biometal Leg Experimental Biometal Leg Experimental Biometal Leg Experimental VSS Leg Experimental VSS Leg Experimental VSS Leg > --- UTILITY ---------- High-capacity Storage Unit Experimental Optical Array Advanced Melee Analysis Suite Experimental Core Analyzer Advanced Transmission Jammer Improved Phase Shifter Concept Core Shell Makeshift Medium Armor Plating Centrium Medium Armor Plating Graphene Brace Advanced Remote Force Field > --- WEAPON ----------- Advanced Remote Datajack Superquantum Companion > --- INVENTORY -------- Particle Reactor Particle Reactor Improved Quantum Reactor Enhanced Biometal Leg Heavy Shield Leg Experimental Biometal Leg Experimental VSS Leg Experimental Cooling System Advanced Energy Well Plexus Tether Concept Core Shell Centrium Light Armor Plating Experimental EM Shield Improved Remote Force Field Phase Redirector Relay Coupler [Grunt] Advanced Component Analysis Suite Transdimensional Reconstructor Micro-nuke Launcher [Rating: 198] Favorites ----------- Power Cooled Ion Engine Engine Cooled Ion Engine Power Core Neutrino Core Reactor Particle Reactor Propulsion Light Treads Treads Light Treads Leg Enhanced Biometal Leg Hover Unit Combat Airjet Utility High-capacity Storage Unit Device Microactuators Storage High-capacity Storage Unit Processor Advanced Melee Analysis Suite Hackware Relay Coupler [NC] Protection Improved Medium Armor Plating Artifact Phase Redirector Weapon Advanced Beam Cannon Energy Gun Medium Laser Energy Cannon Advanced Beam Cannon Ballistic Gun Shotgun Launcher Grenade Launcher Special Weapon Advanced Remote Datajack Slashing Weapon Companion Sword Build | -11 -10 -9 -9 -9 -9 -6 -6 -6 -5 -5 -5 -5 -5 -4 -4 -4 -4 -3 -3 -3 -3 ------- Run | Yrd Mat Mat Sto Rec Scr Fac Gar Fac Fac Ext Cet Arc Hub Fac Upp Upp Zhi Pro Res Qua Frg Slots Evolved 14 | . . 2 . . . 6 . . 2 . . . . 2 . . . . 2 . . Power 1 | . . . . . . 1 . . . . . . . . . . . . . . . Propulsion 4 | . . 1 . . . 2 . . . . . . . 1 . . . . . . . Utility 9 | . . 1 . . . 3 . . 2 . . . . 1 . . . . 2 . . Weapon . | . . . . . . . . . . . . . . . . . . . . . . Parts Attached 272 | 6 14 24 16 . 8 11 24 18 14 20 2 . 18 12 1 2 2 . 13 18 49 Power 43 | 1 3 3 1 . . 1 4 3 2 4 1 . 3 1 . 1 . . 3 3 9 Engine 15 | 1 3 3 1 . . 1 3 2 . 1 . . . . . . . . . . . Core 5 | . . . . . . . 1 . 1 3 . . . . . . . . . . . Reactor 23 | . . . . . . . . 1 1 . 1 . 3 1 . 1 . . 3 3 9 Propulsion 87 | 2 3 8 10 . 5 7 10 3 1 8 . . 3 5 . 1 . . 4 4 13 Treads 53 | 2 1 7 10 . 5 7 5 3 1 8 . . 3 1 . . . . . . . Leg 29 | . 2 1 . . . . . . . . . . . 4 . 1 . . 4 4 13 Wheel . | . . . . . . . . . . . . . . . . . . . . . . Hover 5 | . . . . . . . 5 . . . . . . . . . . . . . . Flight . | . . . . . . . . . . . . . . . . . . . . . . Utility 119 | 1 4 8 1 . 2 3 9 11 10 8 1 . 11 6 1 . 2 . 6 9 26 Device 45 | . 1 4 . . 1 1 2 7 3 1 . . 6 2 . . . . . 4 13 Storage 6 | 1 2 1 . . . . . . . . . . . . . . 1 . 1 . . Processor 11 | . . . . . . . 1 . 1 . . . 1 3 . . . . 2 . 3 Hackware 10 | . . . . . . . . 1 3 1 . . . 1 . . . . 2 2 . Protection 46 | . 1 3 1 . 1 2 6 3 3 6 1 . 4 . 1 . 1 . 1 2 10 Artifact 1 | . . . . . . . . . . . . . . . . . . . . 1 . Weapon 23 | 2 4 5 4 . 1 . 1 1 1 . . . 1 . . . . . . 2 1 Energy Gun 2 | 1 . 1 . . . . . . . . . . . . . . . . . . . Energy Cannon 5 | . . 3 2 . . . . . . . . . . . . . . . . . . Ballistic Gun 6 | 1 3 1 1 . . . . . . . . . . . . . . . . . . Ballistic Cannon . | . . . . . . . . . . . . . . . . . . . . . . Launcher 2 | . 1 . . . . . . . . . . . . . . . . . . . 1 Special Weapon 6 | . . . 1 . . . 1 1 1 . . . 1 . . . . . . 1 . Impact Weapon . | . . . . . . . . . . . . . . . . . . . . . . Slashing Weapon 2 | . . . . . 1 . . . . . . . . . . . . . . 1 . Piercing Weapon . | . . . . . . . . . . . . . . . . . . . . . . Special Melee Weapon . | . . . . . . . . . . . . . . . . . . . . . . Unidentified Prototypes 38 | . . 3 1 . 1 . 1 1 . . 1 . 6 2 . . 3 . . 5 14 Corrupted Parts 3 | . . . . . . . . . . . . . 2 1 . . . . . . . System Corruption 23 | . . . . . . . . . . . . . 12 11 . . . . . . . Parts Lost 103 | . 4 2 1 . . . 16 3 7 11 . . 10 4 1 2 . 2 3 . 37 Power 22 | . 2 . . . . . 2 1 1 3 . . 2 2 . 1 . . . . 8 Propulsion 30 | . 1 1 . . . . 7 . 2 4 . . 2 . . 1 . . 1 . 11 Utility 48 | . . . 1 . . . 7 2 4 4 . . 5 2 1 . . 2 2 . 18 Weapon 3 | . 1 1 . . . . . . . . . . 1 . . . . . . . . Highest Loss Streak 12 | . 3 1 1 . . . 12 1 4 3 . . 8 2 1 2 . 1 2 . 12 To Critical Strikes 4 | . 1 . . . . . 2 . . 1 . . . . . . . . . . . Average Backups 16 | . 8 15 19 18 18 15 15 17 17 17 18 18 16 18 17 17 17 17 19 19 17 Power 1 | . 1 1 2 2 1 . 1 . 1 1 2 2 2 3 2 1 1 1 2 2 2 Propulsion 3 | . . 1 4 4 4 4 3 2 2 3 3 2 3 3 3 3 3 3 4 3 3 Utility 7 | . 1 4 7 7 7 6 5 9 9 8 9 10 8 8 10 9 10 10 9 10 8 Weapon 2 | . 4 7 4 4 2 1 1 1 1 1 1 1 1 1 1 1 1 1 1 1 . Tool/Special . | . . . . . . . . . . . . . . . . . . . . . . Unused Backups 44 | . . 7 3 . 5 . 2 4 . . 2 . . 1 . . 1 . 4 8 7 Power 6 | . . 1 . . 1 . . 1 . . . . . . . . . . 1 1 1 Propulsion 18 | . . . 3 . . . 2 1 . . 2 . . 1 . . . . 2 4 3 Utility 12 | . . 1 . . 2 . . 2 . . . . . . . . 1 . 1 2 3 Weapon 8 | . . 5 . . 2 . . . . . . . . . . . . . . 1 . Tool/Special . | . . . . . . . . . . . . . . . . . . . . . . Average Slot Usage (%) 89 | . 98 98 100 98 90 83 84 79 77 88 94 94 85 87 88 89 86 86 86 90 88 Engine 5 | . 13 10 11 11 10 10 8 7 1 3 4 . . . . . . . . . . Core 1 | . . . . . . . 4 . 2 5 5 5 3 . . . . . . . . Reactor 3 | . . . . . . . . 4 5 1 . 5 6 10 10 10 10 10 9 9 8 Treads 19 | . 14 24 33 33 33 32 28 19 17 23 29 29 21 5 5 5 5 5 1 . . Leg 7 | . 12 7 . . . . . . . . . . . 20 21 21 21 21 24 27 25 Device 13 | . 3 11 19 11 11 12 7 15 20 12 11 11 19 15 15 21 21 20 14 14 18 Storage 7 | . 14 11 11 11 10 6 6 6 5 5 5 5 5 5 5 5 5 5 4 4 4 Processor 5 | . . . . . . . 5 6 5 6 5 5 5 13 15 15 15 15 14 14 12 Hackware 2 | . . . . . . . . . 3 9 5 5 1 1 . . . . 5 4 3 Protection 8 | . 9 9 2 11 6 12 12 10 5 8 17 17 12 8 8 5 2 2 5 7 6 Energy Cannon 5 | . . 16 21 20 17 . . . . . . . . . . . . . . . . Ballistic Gun 1 | . 17 5 . . . . . . . . . . . . . . . . . . . Slashing Weapon 3 | . . . . . . 6 6 6 5 5 5 5 5 5 5 5 5 5 4 4 4 Peak Build Rating 198 | 6 11 21 21 21 34 65 75 82 92 86 81 81 118 149 131 138 135 135 145 157 198 Average Rating 72 | 4 7 18 20 20 27 56 54 78 87 73 75 81 102 135 130 133 129 128 137 147 165 On Entrance 77 | . 6 11 21 20 15 34 65 75 80 85 68 81 81 118 131 128 132 127 135 141 153 Naked Turns . | . . . . . . . . . . . . . . . . . . . . . . Heaviest Build 130 | 13 32 60 65 65 66 88 88 80 101 96 106 106 107 109 96 96 88 88 106 129 130 Greatest Support 178 | 40 40 60 60 60 74 150 170 170 170 173 129 129 177 177 118 118 110 110 163 168 178 Greatest Overweight (x) 6 | . 1 4 1 1 . . 6 . . . . . . . . 1 . . . . 1 Average Overweight (x) . | . . . . . . . . . . . . . . . . . . . . . . Largest Inventory Capacity 20 | 8 15 20 20 20 20 20 20 20 20 20 20 20 20 20 20 20 20 20 20 20 20 Average Capacity 18 | 7 10 15 20 20 19 20 20 20 20 20 20 20 20 20 20 20 20 20 20 20 20 Most Carried 20 | 2 15 20 20 20 20 20 20 20 20 20 20 20 20 20 18 19 20 20 20 20 20 Average Carried 17 | . 8 15 19 18 18 15 15 19 18 17 19 20 18 19 18 18 18 18 19 19 18 Final Capacity 20 | 8 15 20 20 20 20 20 20 20 20 20 20 20 20 20 20 20 20 20 20 20 20 Final Carried 20 | 2 15 20 18 20 18 17 19 20 19 19 20 20 20 18 18 17 20 18 20 20 12 Class Distribution -------------------- 41% | Scavenger-Mutant 26% | Mutant 22% | Commander-Mutant 4% | Bothacker-Mutant 4% | Scavenger-Assassin Dominant Class ---------------- Mutant | -10/Materials Mutant | -9/Materials Mutant | -9/Storage Commander-Mutant | -9/Recycling Commander-Mutant | -9/Scraptown Commander-Mutant | -6/Factory Scavenger-Mutant | -6/Garrison Scavenger-Mutant | -6/Factory Bothacker-Mutant | -5/Factory Commander-Mutant | -5/Extension Commander-Mutant | -5/Cetus Commander-Mutant | -5/Archives Scavenger-Mutant | -5/Hub_04(d) Scavenger-Mutant | -4/Factory Scavenger-Assassin | -4/Upper Caves Scavenger-Assassin | -4/Upper Caves Scavenger-Assassin | -4/Zhirov Scavenger-Assassin | -3/Proximity Caves Scavenger-Mutant | -3/Research Scavenger-Mutant | -3/Quarantine Scavenger-Mutant | -3/Protoforge Resources | -11 -10 -9 -9 -9 -9 -6 -6 -6 -5 -5 -5 -5 -5 -4 -4 -4 -4 -3 -3 -3 -3 ----------- Run | Yrd Mat Mat Sto Rec Scr Fac Gar Fac Fac Ext Cet Arc Hub Fac Upp Upp Zhi Pro Res Qua Frg Matter Collected 6824 | 220 405 584 155 36 617 463 466 308 299 383 50 . 435 289 6 37 . 170 171 461 1269 Remotely . | . . . . . . . . . . . . . . . . . . . . . . Salvage Created 23507 | . 844 2118 1071 456 . 521 2079 776 1274 1218 . . 1613 1484 223 210 . 397 563 2195 6465 Parts 1160 | . 54 121 75 15 . 20 85 37 72 52 . . 85 67 2 10 . 31 24 96 314 Haulers Intercepted 10 | . 2 5 3 . . . . . . . . . . . . . . . . . . Recyclers Shooed 9 | . 2 4 . . . 2 . . . 1 . . . . . . . . . . . Parts Field Recycled . | . . . . . . . . . . . . . . . . . . . . . . Retrieved Matter . | . . . . . . . . . . . . . . . . . . . . . . Parts Self-Destructed 43 | . . . . . . . . . . . . . . . 1 12 . 30 . . . Prevented . | . . . . . . . . . . . . . . . . . . . . . . Kills | -11 -10 -9 -9 -9 -9 -6 -6 -6 -5 -5 -5 -5 -5 -4 -4 -4 -4 -3 -3 -3 -3 ------- Run | Yrd Mat Mat Sto Rec Scr Fac Gar Fac Fac Ext Cet Arc Hub Fac Upp Upp Zhi Pro Res Qua Frg Combat Hostiles Destroyed 369 | . 22 43 19 8 . 6 23 13 23 16 . . 26 22 1 3 . 7 8 31 98 Melee 236 | . . . . . . 6 23 13 23 15 . . 24 17 1 2 . 5 6 27 74 Guns 21 | . 12 9 . . . . . . . . . . . . . . . . . . . Cannons 70 | . . 31 16 8 . . . . . . . . . 1 . . . 2 . 2 10 AOE 22 | . 8 . 3 . . . . . . . . . . . . . . . . . 11 Classes Destroyed 28 | . 10 1 . 2 . . 4 1 . 1 . . . . . . . 1 . . 8 Worker 13 | . 2 3 . . . 1 . . 3 . . . 3 . . . . . . . 1 Builder 8 | . 1 . 3 . . . . 1 . . . . 1 2 . . . . . . . Tunneler 1 | . 1 . . . . . . . . . . . . . . . . . . . . Hauler 10 | . 2 5 3 . . . . . . . . . . . . . . . . . . Recycler 5 | . 1 . . 1 . 1 . . . 2 . . . . . . . . . . . Minesweeper 1 | . . . . . . . . . . . . . . . . . . 1 . . . Mechanic 2 | . 1 . . . . . . . . . . . . . . . . . . . 1 Operator 7 | . 1 4 1 . . . . . . 1 . . . . . . . . . . . Drone 8 | . . . . . . . . . . . . . . . . . . . . . 8 Watcher 21 | . 2 5 1 . . . . . . . . . 2 4 . . . . . 3 4 Swarmer 56 | . 6 7 3 . . . 3 2 4 3 . . 7 4 . . . 3 . 4 10 Cutter 4 | . . . . . . . 4 . . . . . . . . . . . . . . Saboteur 2 | . . . . . . . . . . . . . . . . . . . . . 2 Grunt 136 | . 16 26 4 2 . 5 7 4 11 4 . . 5 7 . 3 . . 5 13 24 Brawler 3 | . . . . . . . . 1 . . . . . . . . . . . . 2 Duelist 4 | . . . . 1 . . . 1 . . . . . . . . . . . . 2 Protector 1 | . . . . . . . . . . . . . . . . . . . . . 1 Sentry 47 | . . 10 12 4 . . 3 2 2 6 . . 4 1 1 . . . 1 . 1 Specialist 3 | . . . . . . . 2 . . . . . . . . . . . . . 1 Hunter 30 | . . . . . . . 3 1 1 2 . . . 3 . . . . 1 6 13 Programmer 46 | . . . . 1 . 1 . 2 5 . . . 5 7 . . . 4 1 8 12 Behemoth 2 | . . . . . . . . . . 1 . . . . . . . . . . 1 Lightning 5 | . . . . . . . . . . . . . 5 . . . . . . . . Hotshot 6 | . . . . . . . . . . . . . . . . . . . . . 6 Decapitator 2 | . . . . . . . . . . . . . . . . . . . . . 2 Immortal 2 | . . . . . . . . . . . . . . . . . . . . . 2 Striker 6 | . . . . . . . 1 . . . . . . . . . . . . . 5 Executioner 3 | . . . . . . . . . . . . . . . . . . . . . 3 Alpha 7 2 | . . . . . . . . . . . . . . . . . . . . . 2 Scrapper 1 | . . . . . . . . . . . . . . . . . . . . . 1 Scrapoid 1 | . . . . . . . . . . . . . . . . . . . . . 1 Scraphulk 1 | . . . . . . . . . . . . . . . . . . . . . 1 Best Kill Streak 12 | . 11 5 3 5 . 4 5 3 9 4 . . 5 6 1 3 . 3 2 6 12 Combat Bots Only 11 | . 6 5 3 5 . 4 5 3 9 4 . . 5 6 1 3 . 3 2 6 11 Max Kills in Single Turn 4 | . 2 2 2 1 . 1 2 1 1 2 . . 1 3 1 1 . 1 1 1 4 Gunslinging 1 | . 1 . . . . . . . . . . . . . . . . . . . . Exploded 2 | . 1 . 2 . . . . . . . . . . . . . . . . . 2 Melee 2 | . . . . . . 1 2 1 1 2 . . 1 1 1 1 . 1 1 1 1 Uniques/NPCs Destroyed . | . . . . . . . . . . . . . . . . . . . . . . Combat | -11 -10 -9 -9 -9 -9 -6 -6 -6 -5 -5 -5 -5 -5 -4 -4 -4 -4 -3 -3 -3 -3 -------- Run | Yrd Mat Mat Sto Rec Scr Fac Gar Fac Fac Ext Cet Arc Hub Fac Upp Upp Zhi Pro Res Qua Frg Hostile Shots Fired 2912 | . 127 130 61 28 . 69 369 146 196 124 1 . 329 195 3 66 . 50 64 254 700 Missed 924 | . 28 35 15 5 . 19 115 40 40 32 . . 70 79 1 36 . 8 26 134 241 Deflected 38 | . . . . . . . . . . . . . . 4 . 1 . 3 3 6 21 Hits 1988 | . 99 95 46 23 . 50 254 106 156 92 1 . 259 116 2 30 . 42 38 120 459 Melee 82 | . . . . 3 . . 9 19 . . . . . . 2 . . . . . 49 Projectile 1906 | . 99 95 46 20 . 50 245 87 156 92 1 . 259 116 . 30 . 42 38 120 410 AOE 1 | . . . . . . . 1 . . . . . . . . . . . . . . Critical Strikes 119 | . 4 1 3 . . . 9 11 12 9 1 . 13 3 . 3 . 1 . 8 41 Actively Blocked 49 | . . . . . . . 1 . . . . . 12 . . . . . . . 36 Part Disruptions 7 | . . . . . . 1 . . . . . . 4 . . . . 1 . . 1 Damage Taken 31875 | . 1205 1135 448 375 . 547 3241 1895 2225 2183 106 . 4219 1372 91 398 . 409 526 1346 10154 Core 3334 | . 221 144 67 63 . 61 415 184 172 194 . . 369 114 . 22 . 48 21 155 1084 Absorbed by Shields 5951 | . . 25 173 . . 193 512 204 741 68 39 . 252 400 . 200 . 72 232 826 2014 Redirected to Shielding 401 | . 13 13 . . . . 27 . . . . . . . 59 . . . . . 289 Ignored by Resistances 3764 | . . . . . . . . . . . . . 2024 225 . . . 471 91 343 610 Regen/Repaired (Parts) 995 | . 56 42 . . . . . 160 139 . . . . 134 . . . . 98 366 . Core Remaining (%) 45 | 100 11 . . . 31 . . 22 . . . . 26 . . . . 84 . . . Volleys Fired 348 | . 93 121 48 17 . . 28 1 5 . . . . 3 . . . . 3 5 24 Largest 2 | . 2 2 2 2 . . 1 1 1 . . . . 1 . . . . 1 1 1 Hottest 136 | . 70 136 136 136 . . 5 . 7 . . . . 7 . . . . 7 10 49 Shots Fired 604 | . 164 241 96 34 . . 28 1 5 . . . . 3 . . . . 3 5 24 Gun 205 | . 150 55 . . . . . . . . . . . . . . . . . . . Cannon 316 | . . 186 96 34 . . . . . . . . . . . . . . . . . Launcher 30 | . 14 . . . . . . . . . . . . . . . . . . . 16 Special 53 | . . . . . . . 28 1 5 . . . . 3 . . . . 3 5 8 Kinetic 140 | . 86 54 . . . . . . . . . . . . . . . . . . . Thermal 380 | . 64 186 96 34 . . . . . . . . . . . . . . . . . Explosive 30 | . 14 . . . . . . . . . . . . . . . . . . . 16 Electromagnetic 1 | . . 1 . . . . . . . . . . . . . . . . . . . Robot Hit Streak 24 | . 9 15 24 15 . . 22 8 13 . . . . 16 . . . . 2 6 6 Robot Miss Streak 7 | . 6 7 5 1 . . 1 . . . . . . . . . . . 1 1 1 Penetration Max . | . . . . . . . . . . . . . . . . . . . . . . Secondary Targets 5 | . 5 . . . . . . . . . . . . . . . . . . . . Max Gunslinging Chain 1 | . 1 . . . . . . . . . . . . . . . . . . . . Autonomous 65 | . . . . . . . . . . . . . . 8 . 2 . 2 . 10 43 Shots Hit Robots 1305 | . 98 160 60 27 . 27 139 75 86 62 1 . 137 63 3 10 . 17 25 73 242 Core Hits 585 | . 58 71 25 11 . 8 46 20 35 30 . . 44 24 3 4 . 7 9 33 157 Critical Kills 4 | . . 3 1 . . . . . . . . . . . . . . . . . . Critical Parts Destroyed 1 | . 1 . . . . . . . . . . . . . . . . . . . . Critical Strikes 62 | . 4 3 1 . . . 8 8 2 4 . . 4 8 . . . 2 4 6 8 Burn 3 | . 3 . . . . . . . . . . . . . . . . . . . . Meltdown 4 | . . 3 1 . . . . . . . . . . . . . . . . . . Destroy 1 | . 1 . . . . . . . . . . . . . . . . . . . . Melee Attacks 1286 | . . . . . . 33 161 97 114 75 2 8 199 94 5 16 . 28 40 101 313 Impact . | . . . . . . . . . . . . . . . . . . . . . . Slashing 1286 | . . . . . . 33 161 97 114 75 2 8 199 94 5 16 . 28 40 101 313 Piercing . | . . . . . . . . . . . . . . . . . . . . . . Sneak Attacks 60 | . . . . . . 6 1 3 5 5 . . 14 3 . . . 1 3 2 17 Combat Hostiles 26 | . . . . . . . 1 . 1 2 . . 9 1 . . . . 3 2 7 Follow-up Attacks 43 | . . . . . . . 1 4 . 3 . . 11 9 . 2 . . . 2 11 Damage Inflicted 69387 | . 2042 3246 1842 668 . 1292 6032 3082 3604 2712 30 . 5820 4084 382 735 . 1246 1554 5994 25022 Guns 1719 | . 1068 651 . . . . . . . . . . . . . . . . . . . Cannons 10221 | . . 2561 1442 655 . . . . . . . . . 659 . 164 . 172 . 907 3661 Explosions 4579 | . 968 . 320 . . . . . . . . . . . . . . . . . 3291 Melee 52495 | . . . . . . 1292 6015 3082 3592 2712 30 . 5820 3425 355 571 . 1074 1554 4976 17997 Ramming 373 | . 6 34 80 13 . . 17 . 12 . . . . . 27 . . . . 111 73 Kinetic 1254 | . 619 635 . . . . . . . . . . . . . . . . . . . Thermal 5167 | . 509 2561 1442 655 . . . . . . . . . . . . . . . . . Explosive 4519 | . 908 . 320 . . . . . . . . . . . . . . . . . 3291 Electromagnetic 16 | . . 16 . . . . . . . . . . . . . . . . . . . Impact . | . . . . . . . . . . . . . . . . . . . . . . Slashing 52495 | . . . . . . 1292 6015 3082 3592 2712 30 . 5820 3425 355 571 . 1074 1554 4976 17997 Piercing . | . . . . . . . . . . . . . . . . . . . . . . Phasic 5563 | . . . . . . . . . . . . . . 659 . 164 . 172 . 907 3661 Highest Corruption 39 | . . . . 1 1 2 2 8 6 6 6 6 39 15 15 15 15 19 . 5 25 Average Corruption 9 | . . . . 1 1 1 2 4 4 6 6 6 24 12 15 15 15 16 . 2 16 Corruption Purged . | . . . . . . . . . . . . . . . . . . . . . . Corruption Blocked . | . . . . . . . . . . . . . . . . . . . . . . Effects 541 | . . . . 6 . 1 27 37 29 74 15 6 104 43 16 12 7 18 . 21 125 Message Errors 136 | . . . . . . 1 6 5 6 25 4 4 26 13 3 2 2 4 . 3 32 Matter Fused 127 | . . . . 2 . . 8 12 9 16 2 1 21 10 . 5 1 4 . 4 32 Heat Flow Errors 75 | . . . . . . . 4 7 2 11 7 . 13 5 5 . . . . 1 20 Energy Discharges 69 | . . . . 2 . . 2 4 4 12 1 1 15 6 2 1 . 3 . 3 13 Parts Rejected 4 | . . . . . . . 1 . . . . . 1 . . . . 1 . . 1 Parts Fused 5 | . . . . . . . 1 . 1 . . . . 1 . . . . . . 2 Data Loss (minor) 72 | . . . . 1 . . 3 6 5 4 . . 20 4 2 2 1 4 . 9 11 Data Loss (major) 27 | . . . . 1 . . 1 2 2 2 1 . 3 2 1 1 2 2 . 1 6 Alerts 12 | . . . . . . . 1 1 . 4 . . 1 1 1 1 1 . . . 1 Misdirections 14 | . . . . . . . . . . . . . 4 1 2 . . . . . 7 Overload Shots . | . . . . . . . . . . . . . . . . . . . . . . Overflow Damage 4478 | . . 20 81 22 . 132 385 283 106 10 . . 518 388 . 3 . 174 179 539 1638 Projectiles 622 | . . 20 15 22 . . . . . . . . . 150 . . . . . 176 239 Explosions 191 | . . . 66 . . . . . . . . . . . . . . . . . 125 Melee 3665 | . . . . . . 132 385 283 106 10 . . 518 238 . 3 . 174 179 363 1274 Knockbacks 1 | . . . . . . . . . . . . . . . . . . . . 1 . Impact 1 | . . . . . . . . . . . . . . . . . . . . 1 . Kinetic . | . . . . . . . . . . . . . . . . . . . . . . Secondary . | . . . . . . . . . . . . . . . . . . . . . . Self-Inflicted Damage 202 | . 83 . 19 . . . . . . . . . . . . . . . . . 100 Shots 4 | . 1 . 1 . . . . . . . . . . . . . . . . . 2 Rammed 28 | . 3 6 10 3 . . 3 . 3 . . . . . . . . . . . . Targets Rammed 42 | . 6 8 11 4 . . 3 . 3 . . . . . 2 . . . . 3 2 Kicked 11 | . 3 1 . . . . . . . . . . . . 2 . . . . 3 2 Crushed 3 | . . 1 1 1 . . . . . . . . . . . . . . . . . Highest Temperature 404 | . 404 218 18 63 . . 258 255 221 273 246 . 291 279 200 9 . . . 191 230 Average Temperature 97 | . 122 92 6 18 . . 72 105 84 112 94 . 111 96 85 6 . . . 106 93 Received Heat Transfer 4214 | . 453 492 191 69 . 138 568 137 472 412 6 . 305 71 . 144 . . 79 98 579 Effects 2 | . 1 . . . . . . . . 1 . . . . . . . . . . . Interference 1 | . . . . . . . . . . 1 . . . . . . . . . . . Matter Decay 1 | . 1 . . . . . . . . . . . . . . . . . . . . Siege Activations . | . . . . . . . . . . . . . . . . . . . . . . Martial Activations . | . . . . . . . . . . . . . . . . . . . . . . Shielding Activations 1 | . . . . . . . . . . . . . . . . . . . . . 1 Total Turns 9 | . . . . . . . . . . . . . . . . . . . . . 9 Longest Duration 9 | . . . . . . . . . . . . . . . . . . . . . 9 Robots Disrupted 19 | . . . . . . . . . 1 4 . . 3 1 . . . . 2 3 5 Combat Hostiles 18 | . . . . . . . . . 1 3 . . 3 1 . . . . 2 3 5 Robots Corrupted . | . . . . . . . . . . . . . . . . . . . . . . Combat Hostiles . | . . . . . . . . . . . . . . . . . . . . . . Parts Fried 1 | . . . . . . . . . . 1 . . . . . . . . . . . Impact Corruptions 1 | . . . . . . . . . . . . . . . . . . . . . 1 Robots Melted 7 | . 2 4 1 . . . . . . . . . . . . . . . . . . Combat Hostiles 5 | . 2 3 . . . . . . . . . . . . . . . . . . . Parts Melted 17 | . 3 9 4 1 . . . . . . . . . . . . . . . . . Heat Transferred 9559 | . 1604 4440 2442 1073 . . . . . . . . . . . . . . . . . Parts Sabotaged 7 | . . . . . . . . 2 . . . . . . . . . . . . 5 Parts Stolen . | . . . . . . . . . . . . . . . . . . . . . . Parts Stripped 65 | . . . . . . . . . . . . . . 24 . . . . . 9 32 Power Chain Reactions . | . . . . . . . . . . . . . . . . . . . . . . Alert | -11 -10 -9 -9 -9 -9 -6 -6 -6 -5 -5 -5 -5 -5 -4 -4 -4 -4 -3 -3 -3 -3 ------- Run | Yrd Mat Mat Sto Rec Scr Fac Gar Fac Fac Ext Cet Arc Hub Fac Upp Upp Zhi Pro Res Qua Frg Maximum Alert Level 4 | . 1 2 1 . . . 4 3 1 1 . . 1 2 . . . . . 1 4 Low Security (%) 61 | 100 75 47 75 100 . 100 7 . 33 99 100 100 85 55 . . . . 100 67 38 Level 1 18 | . 24 24 24 . . . 9 8 66 . . . 14 29 . . . . . 32 29 Level 2 13 | . . 27 . . . . 40 63 . . . . . 14 . . . . . . 22 Level 3 4 | . . . . . . . 23 28 . . . . . . . . . . . . 8 Level 4 1 | . . . . . . . 18 . . . . . . . . . . . . . 1 Level 5 . | . . . . . . . . . . . . . . . . . . . . . . High Security . | . . . . . . . . . . . . . . . . . . . . . . Max Security . | . . . . . . . . . . . . . . . . . . . . . . Peak Influence 1325 | . 336 580 372 101 . 107 1325 886 398 302 121 36 305 436 . . . . 64 385 1129 Initial 695 | . . 77 205 47 . . 62 695 253 151 61 31 . 148 . . . . 31 . 123 Average 235 | . 156 231 177 20 . 20 666 603 265 85 69 19 134 184 . . . . 15 151 345 Influence Increases 14206 | . 804 1408 787 324 . 223 1583 1041 758 837 357 17 1309 707 25 60 . 210 220 969 2567 Destroy 0b10 Robot/C 8260 | . 440 860 380 160 . 140 680 560 480 500 160 . 660 440 20 60 . 140 160 620 1800 Destroy 0b10 Robot/NC 490 | . 55 85 40 5 . 15 50 15 15 40 10 . 30 30 5 . . 5 . 15 75 Destroy Leader 1570 | . 108 230 168 . . 32 40 152 90 74 . . 144 98 . . . 20 40 106 268 Allied During Kill 703 | . . . . . . 6 152 116 8 106 168 . 144 . . . . . . . 3 Successful Hack 357 | . 31 19 7 9 . 14 14 52 42 12 . . . 12 . . . . . 105 40 Select Force Hacks 350 | . 60 60 60 120 . . . . . . . . 50 . . . . . . . . Disable Machine 480 | . 30 15 120 . . . . 15 15 45 15 15 . 15 . . . . . 45 150 Anti-Garrison Action 500 | . . . . . . . 500 . . . . . . . . . . . . . . Destroy Structure 446 | . 50 4 12 30 . 1 102 11 18 30 4 2 56 22 . . . . 20 18 66 Lose Combat Pursuer 1050 | . 30 135 . . . 15 45 120 90 30 . . 225 90 . . . 45 . 60 165 Influence Decreases 13155 | . 620 1105 1151 447 . 134 347 1848 967 1035 390 95 1006 604 341 150 . 163 267 748 1737 Entered New Map 2080 | . . 107 282 76 . . 27 630 265 158 50 47 . 155 151 18 . . 16 . 98 Time Decay 7033 | . 580 648 559 371 . 128 . 598 542 549 214 48 576 397 180 112 . 143 225 463 700 Lost Part 1013 | . 40 20 10 . . . 160 30 70 97 . . 100 40 10 20 . 20 26 . 370 Lost Ally 825 | . . . . . . 6 160 140 90 81 126 . 180 12 . . . . . 10 20 Purge Threat 2204 | . . 330 300 . . . . 450 . 150 . . 150 . . . . . . 275 549 Squads Dispatched 80 | . 6 7 4 . . 1 . 9 8 7 . . 7 7 . . . . 3 9 12 Investigation 34 | . 4 5 2 . . . . 1 4 6 . . 1 2 . . . . 3 2 4 Extermination 21 | . . . . . . 1 . 3 2 . . . 3 4 . . . . . 4 4 Reinforcement 24 | . 2 2 2 . . . . 4 2 1 . . 3 1 . . . . . 3 4 Assault 1 | . . . . . . . . 1 . . . . . . . . . . . . . Garrison . | . . . . . . . . . . . . . . . . . . . . . . Intercept . | . . . . . . . . . . . . . . . . . . . . . . Searches Triggered . | . . . . . . . . . . . . . . . . . . . . . . Construction Impeded 2 | . . . . . . . . 1 . 1 . . . . . . . . . . . Haulers Reinforced 1 | . . . . . . . . . 1 . . . . . . . . . . . . Active Scanning Responses . | . . . . . . . . . . . . . . . . . . . . . . Cargo Convoy Interrupts . | . . . . . . . . . . . . . . . . . . . . . . Stealth | -11 -10 -9 -9 -9 -9 -6 -6 -6 -5 -5 -5 -5 -5 -4 -4 -4 -4 -3 -3 -3 -3 --------- Run | Yrd Mat Mat Sto Rec Scr Fac Gar Fac Fac Ext Cet Arc Hub Fac Upp Upp Zhi Pro Res Qua Frg Distress Signals 32 | . 2 1 3 . . . . 2 4 1 3 . 1 2 . . . . 7 . 6 Communications Jammed 374 | . . . . . . . . . . . . . 43 . . . . . . 8 323 Distress Signals 374 | . . . . . . . . . . . . . 43 . . . . . . 8 323 Times Spotted 658 | . 36 61 23 6 . 10 34 33 44 33 10 . 53 36 3 5 . 10 13 41 207 Peak Tracking Total 17 | . 8 5 3 3 . 4 6 5 6 6 5 . 11 8 3 4 . 3 3 5 17 Tactical Retreats 50 | . 1 7 . . . 1 2 8 5 2 . . 10 3 . . . 2 . 2 7 Traps | -11 -10 -9 -9 -9 -9 -6 -6 -6 -5 -5 -5 -5 -5 -4 -4 -4 -4 -3 -3 -3 -3 ------- Run | Yrd Mat Mat Sto Rec Scr Fac Gar Fac Fac Ext Cet Arc Hub Fac Upp Upp Zhi Pro Res Qua Frg Traps Triggered 23 | . 4 3 . . . . 2 1 3 1 . . 2 . . . . . 3 2 2 Indirectly . | . . . . . . . . . . . . . . . . . . . . . . Trap Hack Attempts . | . . . . . . . . . . . . . . . . . . . . . . Triggered . | . . . . . . . . . . . . . . . . . . . . . . Disarmed . | . . . . . . . . . . . . . . . . . . . . . . Reprogrammed . | . . . . . . . . . . . . . . . . . . . . . . Reused . | . . . . . . . . . . . . . . . . . . . . . . Traps Extracted . | . . . . . . . . . . . . . . . . . . . . . . Installed . | . . . . . . . . . . . . . . . . . . . . . . Triggered . | . . . . . . . . . . . . . . . . . . . . . . Machines | -11 -10 -9 -9 -9 -9 -6 -6 -6 -5 -5 -5 -5 -5 -4 -4 -4 -4 -3 -3 -3 -3 ---------- Run | Yrd Mat Mat Sto Rec Scr Fac Gar Fac Fac Ext Cet Arc Hub Fac Upp Upp Zhi Pro Res Qua Frg Machines Disabled 37 | . 2 1 8 . . . 4 1 1 3 1 1 . 1 . . . . . 3 11 Max in Single Turn 4 | . 2 1 2 . . . 1 1 1 1 1 1 . 1 . . . . . 1 4 Garrison Access 8 | . . . 1 . . 1 . 1 2 . . . 1 . . . . . 1 1 . Garrison Relay 4 | . . . . . . . 4 . . . . . . . . . . . . . . Network Hub 1 | . . . . . . . . . . . . . 1 . . . . . . . . Machines Repaired . | . . . . . . . . . . . . . . . . . . . . . . Machines Dismantled 4 | . . . 1 . . . . . . 2 1 . . . . . . . . . . Machines Sabotaged 1 | . . . . . . . . . . . . . 1 . . . . . . . . Overloaded Fab Kills . | . . . . . . . . . . . . . . . . . . . . . . Hacking | -11 -10 -9 -9 -9 -9 -6 -6 -6 -5 -5 -5 -5 -5 -4 -4 -4 -4 -3 -3 -3 -3 --------- Run | Yrd Mat Mat Sto Rec Scr Fac Gar Fac Fac Ext Cet Arc Hub Fac Upp Upp Zhi Pro Res Qua Frg Machines Accessed 126 | . 8 11 8 10 6 4 1 13 9 12 . . 6 6 . . 5 . 3 9 15 Terminals 68 | . 5 8 5 6 . 1 1 7 3 10 . . 5 4 . . . . . 5 8 Fabricators 9 | . . . . . . 1 . 3 . . . . . 1 . . . . . . 4 Repair Stations 5 | . 1 1 . . . . . 1 . . . . . . . . . . . 2 . Recycling Units 23 | . 2 2 2 4 . . . 1 4 2 . . . 1 . . . . 2 . 3 Scanalyzers 1 | . . . . . . . . . . . . . . . . . . . . 1 . Garrison Access 9 | . . . 1 . . 2 . 1 2 . . . 1 . . . . . 1 1 . Total Hacks 340 | . 15 29 22 18 47 4 1 28 20 34 . . 10 21 . . 18 . 4 28 41 Successful 196 | . 14 17 15 15 47 3 1 10 13 8 . . 5 3 . . 18 . 4 13 10 Failed 144 | . 1 12 7 3 . 1 . 18 7 26 . . 5 18 . . . . . 15 31 Catastrophic 33 | . . 2 . 1 . 1 . 2 1 6 . . 3 6 . . . . . 3 8 Database Lockouts . | . . . . . . . . . . . . . . . . . . . . . . Manual 151 | . 10 24 16 15 . 1 . 13 11 13 1 . 8 15 . . . . 2 7 15 Terminals 189 | . 11 25 19 14 . 1 1 19 10 30 . . 9 15 . . . . . 11 24 Fabricators 20 | . . . . . . 1 . 4 . . . . . 5 . . . . . . 10 Repair Stations 19 | . 2 2 . . . . . 2 . . . . . . . . . . . 13 . Recycling Units 34 | . 2 2 2 4 . . . 2 8 4 . . . 1 . . . . 2 . 7 Scanalyzers 3 | . . . . . . . . . . . . . . . . . . . . 3 . Garrison Access 10 | . . . 1 . . 2 . 1 2 . . . 1 . . . . . 2 1 . Terminal Hacks 106 | . 3 7 6 3 47 . 1 4 3 5 . . 2 . . . 18 . . 1 6 Record 48 | . . . . . 42 . . . . . . . . . . . 6 . . . . Part Schematic 5 | . . . . . . . . . . . . . . . . . 4 . . . 1 Robot Schematic 2 | . 1 . . 1 . . . . . . . . . . . . . . . . . Robot Analysis 10 | . . 2 . . 4 . . . . . . . . . . . 4 . . . . Prototype ID Bank 10 | . 1 1 1 2 . . . . . . . . 1 . . . 4 . . . . Open Door 4 | . . . . . 1 . . . 1 2 . . . . . . . . . . . Branch Access Points 1 | . . . . . . . . . . 1 . . . . . . . . . . . Emergency Access Points 1 | . . . . . . . 1 . . . . . . . . . . . . . . Terminal Index 1 | . . . . . . . . . . . . . . . . . . . . . 1 Alert Level 3 | . . 1 2 . . . . . . . . . . . . . . . . . . Unreport Threat 13 | . . 3 2 . . . . 3 . 1 . . 1 . . . . . . . 3 Locate Traps 3 | . 1 . . . . . . 1 1 . . . . . . . . . . . . Recall Investigation 1 | . . . . . . . . . . 1 . . . . . . . . . . . Recall Reinforcements 1 | . . . . . . . . . 1 . . . . . . . . . . . . Hauler Manifests 1 | . . . 1 . . . . . . . . . . . . . . . . . . Zone Layout 2 | . . . . . . . . . . . . . . . . . . . . 1 1 Fabricator Hacks 3 | . . . . . . 1 . 2 . . . . . . . . . . . . . Network Status 2 | . . . . . . 1 . 1 . . . . . . . . . . . . . Build 1 | . . . . . . . . 1 . . . . . . . . . . . . . Repair Station Hacks 12 | . 2 2 . . . . . 2 . . . . . . . . . . . 6 . Scan Component 7 | . 1 1 . . . . . 1 . . . . . . . . . . . 4 . Repair 5 | . 1 1 . . . . . 1 . . . . . . . . . . . 2 . Recycling Unit Hacks 1 | . . . . . . . . . 1 . . . . . . . . . . . . Retrieve Components 1 | . . . . . . . . . 1 . . . . . . . . . . . . Scanalyzer 3 | . . . . . . . . . . . . . . . . . . . . 3 . Insert Component 1 | . . . . . . . . . . . . . . . . . . . . 1 . Analyze 2 | . . . . . . . . . . . . . . . . . . . . 2 . Garrison Access Hacks 10 | . . . 1 . . 2 . 1 2 . . . 1 . . . . . 2 1 . Unlock Access 1 | . . . . . . 1 . . . . . . . . . . . . . . . Seal Access 8 | . . . 1 . . 1 . 1 2 . . . 1 . . . . . 1 1 . Coupler Status 1 | . . . . . . . . . . . . . . . . . . . 1 . . Unauthorized Hacks 61 | . 9 8 8 12 . . . 1 7 3 . . 2 3 . . . . 2 2 4 Terminals 41 | . 7 6 6 8 . . . 1 3 2 . . 2 2 . . . . . 2 2 Track 2 | . . . . . . . . . . . . . 1 . . . . . . . 1 Assimilate 1 | . . . . . . . . . 1 . . . . . . . . . . . . Botnet 15 | . 2 1 1 2 . . . 1 1 2 . . . 2 . . . . . 2 1 Operators 1 | . . . . . . . . . 1 . . . . . . . . . . . . Skim 21 | . 5 5 5 6 . . . . . . . . . . . . . . . . . Sabotage 1 | . . . . . . . . . . . . . 1 . . . . . . . . Fabricators . | . . . . . . . . . . . . . . . . . . . . . . Repair Stations . | . . . . . . . . . . . . . . . . . . . . . . Recycling Units 20 | . 2 2 2 4 . . . . 4 1 . . . 1 . . . . 2 . 2 Tunnel 10 | . 2 2 2 4 . . . . . . . . . . . . . . . . . Fedlink 10 | . . . . . . . . . 4 1 . . . 1 . . . . 2 . 2 Scanalyzers . | . . . . . . . . . . . . . . . . . . . . . . Garrison Access . | . . . . . . . . . . . . . . . . . . . . . . Data Cores Recovered 3 | . . 2 . . . . . . . 1 . . . . . . . . . . . Used 1 | . . . . . . . . . . 1 . . . . . . . . . . . Hacking Detections 79 | . 5 7 4 6 . 1 1 12 4 11 1 . 2 5 . . . . . 6 14 Full Trace Events 11 | . . . . 1 . . . 1 . 4 . . . 1 . . . . . 2 2 Feedback Events 2 | . . . . . . . . . . 1 . . . . . . . . . 1 . Corruption 1 | . . . . . . . . . . . . . . . . . . . . 1 . Hackware Fried 1 | . . . . . . . . . . 1 . . . . . . . . . . . Feedback Blocked . | . . . . . . . . . . . . . . . . . . . . . . Robot Schematics Acquired 2 | . 1 . . 1 . . . . . . . . . . . . . . . . . Robots Built . | . . . . . . . . . . . . . . . . . . . . . . Authchips . | . . . . . . . . . . . . . . . . . . . . . . Time . | . . . . . . . . . . . . . . . . . . . . . . Total Robot Build Rating . | . . . . . . . . . . . . . . . . . . . . . . Part Schematics Acquired 6 | . . . . . . . . . . . . . . . . . 4 . . 1 1 Parts Built 1 | . . . . . . . . 1 . . . . . . . . . . . . . Authchips . | . . . . . . . . . . . . . . . . . . . . . . Time 35 | . . . . . . . . 35 . . . . . . . . . . . . . Total Part Build Rating 6 | . . . . . . . . 6 . . . . . . . . . . . . . Parts Repaired 5 | . 1 1 . . . . . 1 . . . . . . . . . . . 2 . Time 273 | . 26 32 . . . . . 62 . . . . . . . . . . . 153 . Parts Recycled . | . . . . . . . . . . . . . . . . . . . . . . Recycled Matter . | . . . . . . . . . . . . . . . . . . . . . . Retrieved Matter . | . . . . . . . . . . . . . . . . . . . . . . Retrieved Components . | . . . . . . . . . . . . . . . . . . . . . . Parts Scanalyzed 1 | . . . . . . . . . . . . . . . . . . . . 1 . Part Schematics Acquired 1 | . . . . . . . . . . . . . . . . . . . . 1 . Parts Damaged . | . . . . . . . . . . . . . . . . . . . . . . Bothacking | -11 -10 -9 -9 -9 -9 -6 -6 -6 -5 -5 -5 -5 -5 -4 -4 -4 -4 -3 -3 -3 -3 ------------ Run | Yrd Mat Mat Sto Rec Scr Fac Gar Fac Fac Ext Cet Arc Hub Fac Upp Upp Zhi Pro Res Qua Frg Used RIF Installer 2 | . . . . . . . 2 . . . . . . . . . . . . . . Command Fork 1 | . . . . . . . 1 . . . . . . . . . . . . . . Robots Hacked 11 | . . . . . . . . . 4 . . . . 2 . . . . 1 1 3 Non-combat 7 | . . . . . . . . . 1 . . . . 2 . . . . 1 1 2 Combat 4 | . . . . . . . . . 3 . . . . . . . . . . . 1 Robot Hacks Applied 13 | . . . . . . . . . 4 . . . . 2 . . . . 1 3 3 parse_system 1 | . . . . . . . . . . . . . . . . . . . . . 1 purge_threat 3 | . . . . . . . . . . . . . . . . . . . . 2 1 block_reporting 1 | . . . . . . . . . . . . . . . . . . . . . 1 amplify_resonance 1 | . . . . . . . . . 1 . . . . . . . . . . . . formatsys_low 5 | . . . . . . . . . 1 . . . . 2 . . . . 1 1 . formatsys_high 2 | . . . . . . . . . 2 . . . . . . . . . . . . Relay Couplers Released 29 | . . . . . . . 17 3 4 . . . . . . . . . 3 2 . Machine Destruction 26 | . . . . . . . 17 . 4 . . . . . . . . . 3 2 . Programmers 3 | . . . . . . . . 3 . . . . . . . . . . . . . Attached 7 | . . . . . . . . . 3 . . . . 1 . . . . 2 1 . Fabnet Peak Effective % . | . . . . . . . . . . . . . . . . . . . . . . Robots Rewired 46 | . . . . 8 . . 13 . . 21 . . . 1 . . . . 2 . 1 Allies Hacked 2 | . . . . . . . . 2 . . . . . . . . . . . . . Hacks Repelled . | . . . . . . . . . . . . . . . . . . . . . . Allies | -11 -10 -9 -9 -9 -9 -6 -6 -6 -5 -5 -5 -5 -5 -4 -4 -4 -4 -3 -3 -3 -3 -------- Run | Yrd Mat Mat Sto Rec Scr Fac Gar Fac Fac Ext Cet Arc Hub Fac Upp Upp Zhi Pro Res Qua Frg Total Allies 86 | . . . . 8 . . 18 12 5 27 5 . . 5 . . . . 4 1 1 Largest Group 16 | . . . . 8 7 7 12 8 5 15 16 12 11 5 . . . . 3 2 1 Highest-Rated Group 898 | . . . . 123 113 113 300 244 117 563 898 741 582 94 . . . . 97 33 47 Highest-Rated Ally 159 | . . . . 27 27 27 99 32 29 159 159 159 96 49 . . . . 64 23 47 Total Orders 29 | . . . . 3 2 . . . 8 3 . . . 4 . . . . 3 6 . STAY 8 | . . . . . 1 . . . . 2 . . . 1 . . . . 1 3 . FOLLOW 7 | . . . . . 1 . . . . 1 . . . 1 . . . . 1 3 . AID 4 | . . . . . . . . . 1 . . . . 2 . . . . 1 . . TUNNEL 3 | . . . . 3 . . . . . . . . . . . . . . . . . EXPLORE 4 | . . . . . . . . . 4 . . . . . . . . . . . . RETURN 3 | . . . . . . . . . 3 . . . . . . . . . . . . Ally Attacks 437 | . . . . . . 21 66 101 12 96 79 . 48 4 . . . . 7 . 3 Total Damage 11707 | . . . . . . 423 1645 2217 141 2084 2326 . 2370 118 . . . . 272 . 111 Kills 70 | . . . . . . 2 11 18 1 18 11 . 8 . . . . . . . 1 Allies Corrupted 4 | . . . . . . . 1 . . . . . 3 . . . . . . . . Allies Melted 2 | . . . . . . . . . . . . . . . . . . . . . 2 Intel | -11 -10 -9 -9 -9 -9 -6 -6 -6 -5 -5 -5 -5 -5 -4 -4 -4 -4 -3 -3 -3 -3 ------- Run | Yrd Mat Mat Sto Rec Scr Fac Gar Fac Fac Ext Cet Arc Hub Fac Upp Upp Zhi Pro Res Qua Frg Active Infowar (turns) 15793 | . 545 . . . . . . 1081 707 2980 458 119 2281 1029 365 258 160 403 807 1556 3044 Optics 12682 | . . . . . . . . . 91 2980 458 119 2281 1029 365 258 160 403 807 1556 2175 Sensors 3218 | . . . . . . . . 792 616 . . . . 986 365 223 150 86 . . . Structural 1911 | . 545 . . . . . . 267 89 206 . . 434 . . 209 10 151 . . . Machine Analysis 989 | . . . . . . . . . . . . . . 947 42 . . . . . . Cloaking 871 | . . . . . . . . . . . . . . . . . . . . . 871 Jamming 4363 | . . . . . . . . 288 . . . . 1102 43 . . . 102 807 1034 987 Robot Analysis Total 10 | . . 2 . . 4 . . . . . . . . . . . 4 . . . . Derelict Logs Recovered 1 | . . . . . . . . . . . . . . . . 1 . . . . . Drone Launches 5 | . . . . . . . . . 5 . . . . . . . . . . . . Drone Recoveries 3 | . . . . . . . . . 3 . . . . . . . . . . . . Exploration | -11 -10 -9 -9 -9 -9 -6 -6 -6 -5 -5 -5 -5 -5 -4 -4 -4 -4 -3 -3 -3 -3 ------------- Run | Yrd Mat Mat Sto Rec Scr Fac Gar Fac Fac Ext Cet Arc Hub Fac Upp Upp Zhi Pro Res Qua Frg Turns Passed 32522 | 130 1980 3246 1647 1876 3423 938 2201 1905 1543 2980 458 119 2281 1029 365 258 160 403 807 1556 3217 Spaces Moved 16976 | 78 839 1376 763 672 2140 482 1006 887 741 1461 169 35 914 675 254 214 141 289 579 1001 2260 Core 132 | 4 . . . . 128 . . . . . . . . . . . . . . . . Treads 11041 | 74 767 1097 763 672 2012 482 961 887 741 1461 169 35 914 6 . . . . . . . Legs 5758 | . 72 279 . . . . . . . . . . . 669 254 214 141 289 579 1001 2260 Wheels . | . . . . . . . . . . . . . . . . . . . . . . Hover 45 | . . . . . . . 45 . . . . . . . . . . . . . . Flight . | . . . . . . . . . . . . . . . . . . . . . . Fastest Speed 50 | 50 160 160 160 160 50 160 138 160 163 160 160 160 160 105 105 105 105 105 105 110 86 Average Speed 148 | 154 174 186 176 237 153 160 160 161 163 160 160 160 162 105 105 105 105 105 108 110 101 Slowest Speed 540 | 160 240 400 240 240 160 160 540 163 163 163 160 160 165 163 105 170 105 105 112 112 170 Overloaded Moves . | . . . . . . . . . . . . . . . . . . . . . . Propulsion Burnouts . | . . . . . . . . . . . . . . . . . . . . . . Robots Hopped . | . . . . . . . . . . . . . . . . . . . . . . Potential Cave-ins 16 | . . . . . . . . . . . . . . . . . . . . . 16 Cave-ins Triggered 1 | . . . . . . . . . . . . . . . . . . . . . 1 Teleports 1 | . . . . . . . . . . . . . . . . . . . . . 1 Exploration Rate (%) 60 | 6 94 94 95 97 92 9 88 24 27 92 76 61 74 15 56 51 61 59 21 85 61 Regions Visited 21 Branch Regions 13 Pre-discovered Areas 29 | . 3 7 4 5 5 . . . 1 . . . . . . 1 3 . . . . Known Exits Taken 13 | . . 1 1 1 1 1 . 1 . 1 . . . 1 1 1 1 1 1 . . Unknown Exits Taken 7 | 1 1 . . . . . . . 1 . 1 1 1 . . . . . . 1 . Scrap Searched 12 | . . . . . 10 . . . . . . . . . 1 1 . . . . . Spaces Dug 96 | . . . . . . 1 11 10 9 . . 1 12 11 2 2 . 1 10 9 17 Terrain Destroyed 200 | . 68 . 9 . . 1 11 10 9 . . 1 12 11 2 2 . 1 10 9 44 Melee 96 | . . . . . . 1 11 10 9 . . 1 12 11 2 2 . 1 10 9 17 Projectile . | . . . . . . . . . . . . . . . . . . . . . . AOE 104 | . 68 . 9 . . . . . . . . . . . . . . . . . 27 Terrain Rammed . | . . . . . . . . . . . . . . . . . . . . . . Walls Destroyed . | . . . . . . . . . . . . . . . . . . . . . . Machines Disabled . | . . . . . . . . . . . . . . . . . . . . . . Actions | -11 -10 -9 -9 -9 -9 -6 -6 -6 -5 -5 -5 -5 -5 -4 -4 -4 -4 -3 -3 -3 -3 --------- Run | Yrd Mat Mat Sto Rec Scr Fac Gar Fac Fac Ext Cet Arc Hub Fac Upp Upp Zhi Pro Res Qua Frg Total 22672 | 85 1197 1819 948 915 2288 604 1351 1296 1020 2022 345 90 1533 928 347 234 154 363 730 1394 3009 Wait 2862 | . 229 231 79 84 87 69 81 263 97 285 149 48 385 115 85 . . 40 54 194 287 Move 16955 | 77 838 1375 762 671 2139 481 1005 886 740 1460 168 34 913 674 253 213 140 288 578 1000 2260 Hop . | . . . . . . . . . . . . . . . . . . . . . . Pick Up 171 | 2 9 22 3 . 24 3 13 13 12 8 5 . 5 10 . 2 3 1 12 11 13 Fast Attach 127 | 6 9 11 1 . 4 . 18 6 3 2 2 . 9 2 1 . 3 1 7 12 30 Attach 126 | . 1 5 2 . 6 6 11 6 12 14 1 . 10 13 . 3 1 3 3 3 26 Detach 56 | . 3 1 . 2 3 . 2 2 3 3 2 . 6 6 1 . 3 . 3 4 12 Swap 151 | . 5 13 14 1 5 8 2 12 7 13 . . 11 4 . 2 1 2 8 20 23 Drop 196 | . 4 32 18 . 20 4 16 14 5 3 8 . 6 8 . . 3 . 13 25 17 Fire 348 | . 93 121 48 17 . . 28 1 5 . . . . 3 . . . . 3 5 24 Melee 1243 | . . . . . . 33 160 93 114 72 2 8 188 85 5 14 . 28 40 99 302 Ram . | . . . . . . . . . . . . . . . . . . . . . . Kick 11 | . 3 1 . . . . . . . . . . . . 2 . . . . 3 2 Crush 31 | . 3 7 11 4 . . 3 . 3 . . . . . . . . . . . . Escape Stasis 1 | . . . . . . . . . . . . . . . . . . . . 1 . Rewire 351 | . . . 1 136 . . 12 . 19 146 . . . 8 . . . . 9 17 3 Trap . | . . . . . . . . . . . . . . . . . . . . . . Miscellaneous 43 | . . . 9 . . . . . . 16 8 . . . . . . . . . 10 Route ------- -11/Scrapyard -10/Materials (discovered 5 exits: *Mat x3 / [*Min] / Sub) -9/Materials (discovered 6 exits: *Mat x3 / [*Min x2] / *Sto) -9/Storage (discovered 2 exits: *Mat / *Rec) -9/Recycling (discovered 2 exits: *Fac / *Scr) -9/Scraptown (discovered 2 exits: *Fac x2) -6/Factory (discovered 4 exits: Fac x2 / Low / Gar) -6/Garrison (discovered 3 exits: *Fac x3) -6/Factory -5/Factory (discovered 5 exits: *Fac x2 / *Upp x2 / *Ext) -5/Extension (discovered 2 exits: *Fac / *Cet) -5/Cetus (discovered 2 exits: *Fac / [*Arc]) -5/Archives -5/Hub_04(d) (discovered 4 exits: *Fac x4) -4/Factory (discovered 3 exits: Res x2 / *Upp) -4/Upper Caves -4/Upper Caves (discovered 2 exits: *Res / *Zhi) -4/Zhirov -3/Proximity Caves -3/Research -3/Quarantine (discovered 3 exits: [*Res] / [*Sec] / *Frg) -3/Protoforge (discovered 1 exit: [*Res]) History --------- Turn | Location | Event 3 | -11/Scrapyard | Discovered new exit (range 16) 131 | -11/Scrapyard | Entered Materials 297 | -10/Materials | Lost 3 parts (1p1n1w) 306 | -10/Materials | Build established: Mutant 509 | -10/Materials | Core integrity fell below 50% 924 | -10/Materials | Discovered new exit (range 12) 1292 | -10/Materials | Discovered new exit (range 12) 1438 | -10/Materials | Discovered new exit (range 8) 1534 | -10/Materials | Discovered new exit (range 16) 1638 | -10/Materials | Learned Storage terminal intel 1665 | -10/Materials | Loaded intel: 8 trap records 1693 | -10/Materials | Identified exit to Subcaves 1704 | -10/Materials | Learned Storage terminal intel 1725 | -10/Materials | Learned 2 Mines zone layouts 1927 | -10/Materials | Repaired Aluminum Leg 2024 | -10/Materials | Core integrity fell below 20% 2111 | -10/Materials | Entered another Materials area 2111 | -9/Materials | Evolved 2 slots: Propulsion x1, Utility x1 2112 | -9/Materials | Identified exit to Materials 2112 | -9/Materials | Identified exit to Storage 2390 | -9/Materials | Discovered new exit (range 15) 3509 | -9/Materials | Discovered new exit (range 14) 3773 | -9/Materials | Repaired Disposable Heat Sink 3808 | -9/Materials | Discovered exit to Materials (range 12) 4234 | -9/Materials | Learned Storage trap positions 4286 | -9/Materials | Learned 4 Recycling zone layouts 4328 | -9/Materials | Learned location of Zion (-7) 4377 | -9/Materials | Learned location of 1 exit from Storage 4561 | -9/Materials | Learned location of 2 exits from Materials 5357 | -9/Materials | Entered Storage 5359 | -9/Storage | Loaded intel: 11 trap records 5360 | -9/Storage | Loaded intel: 11 terminal locations 6404 | -9/Storage | Core integrity fell below 50% 6674 | -9/Storage | Identified exit to Recycling 6842 | -9/Storage | Learned 2 Storage zone layouts 7004 | -9/Storage | Entered Recycling 7005 | -9/Recycling | Identified exit to Factory 7005 | -9/Recycling | Identified exit to Scraptown 8203 | -9/Recycling | Build established: Commander-Mutant 8450 | -9/Recycling | Learned Materials emergency access door positions 8522 | -9/Recycling | Learned Materials security intel 8584 | -9/Recycling | Learned 4 Materials zone layouts 8634 | -9/Recycling | Learned 2 Materials zone layouts 8704 | -9/Recycling | Learned Materials stockpile data 8746 | -9/Recycling | Learned 2 Storage zone layouts 8768 | -9/Recycling | Scanned before Scraplab entrance 8792 | -9/Recycling | Entered Scraplab 8797 | -9/Recycling | Learned Storage terminal intel 8856 | -9/Recycling | Learned 2 Materials zone layouts 8880 | -9/Recycling | Entered Scraptown 8880 | -9/Scraptown | Accompanied by 7 allies 8884 | -9/Scraptown | System corruption cleaned by C-Scrubber 9096 | -9/Scraptown | Heard Great Nut preacher, LISTEN AND RECITE! 9112 | -9/Scraptown | Visited Fellowship of the Rings 9148 | -9/Scraptown | Visited Bundlers 9257 | -9/Scraptown | Visited Red Mages 9310 | -9/Scraptown | Visited Spacefarers 9718 | -9/Scraptown | Discovered new exit (range 9) 9838 | -9/Scraptown | Visited Cyclists 9889 | -9/Scraptown | Visited Shadow of the Wyrm 9937 | -9/Scraptown | Visited Supply Room 9983 | -9/Scraptown | Visited UFD Registry 9983 | -9/Scraptown | Registered with UFD as "Maceplate" 10050 | -9/Scraptown | Entered Cyclist Reading Room 10159 | -9/Scraptown | Visited Science Testing Area 10216 | -9/Scraptown | Visited Sword Containment 10253 | -9/Scraptown | Visited Derelict Rescue Squad 10296 | -9/Scraptown | Visited Scrapoid Pod Storage 10325 | -9/Scraptown | Visited Cartography Club 10354 | -9/Scraptown | Visited Supply Room 10399 | -9/Scraptown | Visited Analyses Database 10436 | -9/Scraptown | Visited Science Guys 10644 | -9/Scraptown | Visited DA-N13 Charitable Foundation 10658 | -9/Scraptown | Found DCF Scrap (28 items) 10687 | -9/Scraptown | Visited Scrap Suit Storage 10872 | -9/Scraptown | Learned location of Lower Caves (-7) 10872 | -9/Scraptown | Learned 12 Factory zone layouts 10872 | -9/Scraptown | Learned 16 Factory zone layouts 10872 | -9/Scraptown | Learned 4 Mines zone layouts 10872 | -9/Scraptown | Learned 20 Lower Caves zone layouts 10872 | -9/Scraptown | Learned 20 Upper Caves zone layouts 10872 | -9/Scraptown | Learned 4 Armory zone layouts 10872 | -9/Scraptown | Learned Materials emergency access door positions 10872 | -9/Scraptown | Learned location of 2 exits from Lower Caves 10872 | -9/Scraptown | Learned location of 2 exits from Upper Caves 10872 | -9/Scraptown | Identified exit to Factory 10885 | -9/Scraptown | Found Deep Structural Scanner 11016 | -9/Scraptown | Found Scrapoid Pod 12151 | -9/Scraptown | Met Optimus 12151 | -9/Scraptown | Accepted into 0bPrime 12303 | -9/Scraptown | Entered Factory 12303 | -6/Factory | Accompanied by 7 allies 12303 | -6/Factory | Evolved 6 slots: Power x1, Propulsion x2, Utility x3 12304 | -6/Factory | Identified exit to Factory 12304 | -6/Factory | Identified exit to Lower Caves 12789 | -6/Factory | Identified exit to Garrison 13049 | -6/Factory | Lost 6 allies 13241 | -6/Factory | Entered Garrison 13269 | -6/Garrison | Scrapoid Pod released 06G05-D (x5) 13271 | -6/Garrison | Triggered checkpoint 13316 | -6/Garrison | Build established: Mutant 13389 | -6/Garrison | Triggered checkpoint 13390 | -6/Garrison | Triggered checkpoint 13432 | -6/Garrison | Lost 4 allies 13684 | -6/Garrison | Discovered new exit (range 10) 13799 | -6/Garrison | Triggered checkpoint 13939 | -6/Garrison | Lost 12 parts (2p5n5u) 13998 | -6/Garrison | Garrison Relay disabled 14067 | -6/Garrison | Triggered checkpoint 14197 | -6/Garrison | Build established: Scavenger-Mutant 14220 | -6/Garrison | Discovered new exit (range 12) 14235 | -6/Garrison | Installed Relay Interface Framework 14313 | -6/Garrison | Garrison Relay disabled 14517 | -6/Garrison | Triggered checkpoint 14536 | -6/Garrison | Spotted Striker 14574 | -6/Garrison | Core integrity fell below 50% 14576 | -6/Garrison | Destroyed Striker 14595 | -6/Garrison | Rewired Striker 14639 | -6/Garrison | Discovered new exit (range 15) 14671 | -6/Garrison | Garrison Relay disabled 14929 | -6/Garrison | Garrison Relay disabled 15011 | -6/Garrison | Lost 4 allies 15121 | -6/Garrison | Build established: Commander-Mutant 15168 | -6/Garrison | Expanded RIF knowledge: Command Fork 15442 | -6/Garrison | Entered Factory 15442 | -6/Factory | Accompanied by 8 allies 15503 | -6/Factory | Build established: Scavenger-Mutant 15589 | -6/Factory | Lost 4 allies 15635 | -6/Factory | Repaired Imp. Heavy Treads 15963 | -6/Factory | Lost 4 allies 16078 | -6/Factory | Discovered exit to Factory (range 11) 16142 | -6/Factory | First assault squad dispatched 17104 | -6/Factory | Fabricated Adv. Hacking Suite? 17347 | -6/Factory | Entered another Factory area 17347 | -5/Factory | Evolved 2 slots: Utility x2 17348 | -5/Factory | Identified exit to Upper Caves 17376 | -5/Factory | Discovered exit to Upper Caves (range 31) 17477 | -5/Factory | Discovered new exit (range 31) 17485 | -5/Factory | Spotted B-75 Beast 17584 | -5/Factory | Loaded intel: 8 recycling unit locations 17765 | -5/Factory | Discovered new exit (range 5) 17958 | -5/Factory | Lost 4 parts (1p2n1u) 17998 | -5/Factory | Learned location of Protoforge (-3) 18108 | -5/Factory | Destroyed 9 combat bots 18116 | -5/Factory | Discovered new exit (range 16) 18518 | -5/Factory | Build established: Bothacker-Mutant 18780 | -5/Factory | Lost 4 allies 18890 | -5/Factory | Entered Extension 19907 | -5/Extension | Build established: Scavenger-Mutant 20268 | -5/Extension | Build established: Commander-Mutant 20373 | -5/Extension | Spotted B-75 Beast 20429 | -5/Extension | Spotted B-75 Beast 20466 | -5/Extension | Destroyed B-75 Beast 20487 | -5/Extension | Lost 8 allies 20496 | -5/Extension | Lost 3 parts (1n2u) 20658 | -5/Extension | Loaded intel: 2 recycling unit locations 20750 | -5/Extension | Rescued A7 20753 | -5/Extension | Build established: Scavenger-Mutant 20827 | -5/Extension | Identified exit to Cetus 20827 | -5/Extension | Adv. Hacking Suite fried by hacking feedback 20981 | -5/Extension | Rescued a captive Derelict 20982 | -5/Extension | Rescued a captive Derelict 21286 | -5/Extension | Rescued a captive Derelict 21287 | -5/Extension | Rescued a captive Derelict 21412 | -5/Extension | Build established: Commander-Mutant 21460 | -5/Extension | Rescued a captive Derelict 21814 | -5/Extension | Discovered new exit (range 20) 21870 | -5/Extension | Entered Cetus 21870 | -5/Cetus | Accompanied by 15 allies (A7) 21875 | -5/Cetus | Acquired a Cetus Manufacturing Module code from A7 21894 | -5/Cetus | Spotted Cetus Guard 21896 | -5/Cetus | Spotted Cetus Guard 21896 | -5/Cetus | Spotted Cetus Guard 21902 | -5/Cetus | Spotted Cetus Guard 21912 | -5/Cetus | Allies destroyed Cetus Guard 21912 | -5/Cetus | Allies destroyed Cetus Guard 21925 | -5/Cetus | Allies destroyed Cetus Guard 21931 | -5/Cetus | Allies destroyed Cetus Guard 21958 | -5/Cetus | Lost 4 allies 22034 | -5/Cetus | Escorted A7 to Cetus Mainframe 22049 | -5/Cetus | Started Cetus Manufacturing Module 22065 | -5/Cetus | Discovered new exit (range 22) 22074 | -5/Cetus | Manufactured an Enhanced Grunt 22099 | -5/Cetus | Manufactured an Enhanced Grunt 22124 | -5/Cetus | Manufactured an Enhanced Grunt 22149 | -5/Cetus | Manufactured an Enhanced Grunt 22174 | -5/Cetus | Manufactured an Enhanced Grunt 22196 | -5/Cetus | Spotted Cetus Guard 22199 | -5/Cetus | Spotted Cetus Guard 22200 | -5/Cetus | Spotted Cetus Guard 22202 | -5/Cetus | Spotted Cetus Guard 22203 | -5/Cetus | Discovered new exit (range 21) 22210 | -5/Cetus | Allies destroyed Cetus Guard 22223 | -5/Cetus | Allies destroyed Cetus Guard 22227 | -5/Cetus | Allies destroyed Cetus Guard 22233 | -5/Cetus | Allies destroyed Cetus Guard 22243 | -5/Cetus | Met Revision 17 22259 | -5/Cetus | Lost 4 allies 22328 | -5/Cetus | Entered Archives 22328 | -5/Archives | Accompanied by 12 allies (A7) 22333 | -5/Archives | Received a hacking code to weaken MAIN.C 22385 | -5/Archives | Met Zhirov 22391 | -5/Archives | Reinforcements dispatched to Archives 22398 | -5/Archives | Discovered new exit (range 13) 22436 | -5/Archives | Reinforcements dispatched to Archives 22447 | -5/Archives | Entered Hub_04(d) 22447 | -5/Hub_04(d) | Accompanied by 11 allies 22452 | -5/Hub_04(d) | Network Hub disabled 22785 | -5/Hub_04(d) | Build established: Scavenger-Mutant 22894 | -5/Hub_04(d) | Discovered new exit (range 21) 22912 | -5/Hub_04(d) | Found Corrupted Prototype Device 22912 | -5/Hub_04(d) | Identified Exp. Thermal Shield 22913 | -5/Hub_04(d) | System corruption reached 10% 23262 | -5/Hub_04(d) | Spotted Lightning 23272 | -5/Hub_04(d) | Spotted Lightning 23386 | -5/Hub_04(d) | System corruption reached 30% 23388 | -5/Hub_04(d) | Destroyed Lightning 23394 | -5/Hub_04(d) | Found Prototype Device 23394 | -5/Hub_04(d) | Identified Exp. EM Shield 23423 | -5/Hub_04(d) | Lost 8 parts (1p2n4u1w) 23425 | -5/Hub_04(d) | Destroyed Lightning 23433 | -5/Hub_04(d) | Found Prototype Processor 23433 | -5/Hub_04(d) | Identified Exp. Targeting Computer 23523 | -5/Hub_04(d) | Found Prototype Device 23523 | -5/Hub_04(d) | Identified Exp. Phase Shifter 23562 | -5/Hub_04(d) | Discovered new exit (range 9) 23629 | -5/Hub_04(d) | Core integrity fell below 50% 23702 | -5/Hub_04(d) | Discovered new exit (range 10) 24151 | -5/Hub_04(d) | Discovered new exit (range 9) 24374 | -5/Hub_04(d) | Spotted Lightning 24376 | -5/Hub_04(d) | Spotted Lightning 24385 | -5/Hub_04(d) | Spotted Lightning 24438 | -5/Hub_04(d) | Destroyed Lightning 24474 | -5/Hub_04(d) | Destroyed Lightning 24507 | -5/Hub_04(d) | Destroyed Lightning 24728 | -5/Hub_04(d) | Entered Factory 24728 | -4/Factory | Evolved 2 slots: Propulsion x1, Utility x1 24729 | -4/Factory | Forged Quantum Companion 24729 | -4/Factory | Identified exit to Research 24745 | -4/Factory | System corruption reached 10% 24750 | -4/Factory | Loaded intel: 8 recycling unit locations 25128 | -4/Factory | Discovered new exit (range 11) 25175 | -4/Factory | Lost 5 allies 25609 | -4/Factory | Build established: Scavenger-Assassin 25756 | -4/Factory | Identified exit to Upper Caves 25757 | -4/Factory | Entered Upper Caves 25758 | -4/Upper Caves | Identified exit to Upper Caves 25922 | -4/Upper Caves | Spotted B-86 Titan 26045 | -4/Upper Caves | Attracted the attention of an 0b10 checkpoint 26122 | -4/Upper Caves | Entered another Upper Caves area 26123 | -4/Upper Caves | Identified exit to Zhirov 26182 | -4/Upper Caves | Discovered exit to Research (range 15) 26244 | -4/Upper Caves | Encountered a Warlord checkpoint 26338 | -4/Upper Caves | Spotted B-86 Titan 26380 | -4/Upper Caves | Entered Zhirov 26380 | -4/Zhirov | Discovered new exit (range 3) 26424 | -4/Zhirov | Found Alien Artifact 26424 | -4/Zhirov | Identified Integrated Reactor 26424 | -4/Zhirov | Installed Integrated Reactor, increased core energy generation (+10) 26439 | -4/Zhirov | Found Alien Artifact 26507 | -4/Zhirov | Learned location of Command (-1) 26539 | -4/Zhirov | Identified exit to Proximity Caves 26540 | -4/Zhirov | Entered Proximity Caves 26848 | -3/Proximity Caves | Spotted B-86 Titan 26922 | -3/Proximity Caves | Discovered exit to Research (range 11) 26943 | -3/Proximity Caves | Entered Research 26943 | -3/Research | Evolved 2 slots: Utility x2 27107 | -3/Research | Build established: Scavenger-Mutant 27143 | -3/Research | Revision forces began assault on 0b10 27154 | -3/Research | Loaded intel: 5 recycling unit locations 27263 | -3/Research | Met up with Revision 17++ 27319 | -3/Research | Lost 6 allies 27537 | -3/Research | Discovered new exit (range 18) 27643 | -3/Research | Research terminal network offline 27742 | -3/Research | Identified exit to Quarantine 27750 | -3/Research | Entered Quarantine 27750 | -3/Quarantine | Accompanied by 2 allies 27767 | -3/Quarantine | Found Alien Artifact 27767 | -3/Quarantine | Identified Phase Redirector 28156 | -3/Quarantine | P-80 Master assimilated allied Smith 8a 28219 | -3/Quarantine | Cryocooling Duct disabled 28234 | -3/Quarantine | Ambient heat levels rising (+20) 28234 | -3/Quarantine | Non-combat units ordered to evacuate 28343 | -3/Quarantine | Found Alien Artifact 28347 | -3/Quarantine | Identified Subatomic Replicator 28347 | -3/Quarantine | Forged Prototype Slashing Weapon 28582 | -3/Quarantine | Repaired Enh. Biometal Leg 28609 | -3/Quarantine | Found Prototype Protection 28609 | -3/Quarantine | Identified Centrium Heavy Armor Plating 28649 | -3/Quarantine | Repaired Broken Enh. Biometal Leg 29029 | -3/Quarantine | Discovered new exit (range 3) 29225 | -3/Quarantine | Spotted Fortress 29300 | -3/Quarantine | Discovered new exit (range 5) 29300 | -3/Quarantine | Discovered new exit (range 6) 29306 | -3/Quarantine | Entered Protoforge 29337 | -3/Protoforge | Superfortress began startup sequence 29691 | -3/Protoforge | Spotted Hotshot 29694 | -3/Protoforge | Destroyed Hotshot 29695 | -3/Protoforge | Spotted Hotshot 29703 | -3/Protoforge | Spotted Hotshot 29706 | -3/Protoforge | Spotted Hotshot 29710 | -3/Protoforge | Destroyed Hotshot 29714 | -3/Protoforge | Destroyed Hotshot 29721 | -3/Protoforge | Destroyed Hotshot 29773 | -3/Protoforge | Spotted Hotshot 29774 | -3/Protoforge | Spotted Hotshot 29798 | -3/Protoforge | Destroyed Hotshot 29814 | -3/Protoforge | Destroyed Hotshot 29928 | -3/Protoforge | Discovered new exit (range 16) 29989 | -3/Protoforge | Spotted B-86 Titan 30199 | -3/Protoforge | Crushed by falling debris 30199 | -3/Protoforge | System corruption reached 10% 30503 | -3/Protoforge | Destroyed B-86 Titan 31049 | -3/Protoforge | Spotted AP7-3 31051 | -3/Protoforge | Spotted AP7-3 31059 | -3/Protoforge | Destroyed AP7-3 31084 | -3/Protoforge | Destroyed AP7-3 31199 | -3/Protoforge | Spotted EXE-6 31200 | -3/Protoforge | Spotted EXE-6 31223 | -3/Protoforge | Destroyed EXE-6 31226 | -3/Protoforge | Destroyed EXE-6 31228 | -3/Protoforge | Found Prototype Processor 31228 | -3/Protoforge | Identified Exp. Core Analyzer 31234 | -3/Protoforge | Found Prototype Processor 31234 | -3/Protoforge | Identified Exp. Armor Integrity Analyzer 31242 | -3/Protoforge | Spotted Decapitator 31246 | -3/Protoforge | Spotted Decapitator 31260 | -3/Protoforge | Destroyed Decapitator 31261 | -3/Protoforge | Destroyed Decapitator 31297 | -3/Protoforge | UFD initiated attack on Protoforge 31297 | -3/Protoforge | Loaded intel: 3 recycling unit locations 31319 | -3/Protoforge | Spotted EXE-6 31320 | -3/Protoforge | Spotted EXE-6 31334 | -3/Protoforge | Optimus greeted in Protoforge 31463 | -3/Protoforge | Met 7R-MNS 31500 | -3/Protoforge | Spotted Striker 31501 | -3/Protoforge | Spotted Striker 31533 | -3/Protoforge | Destroyed Striker 31602 | -3/Protoforge | UFD reported confirmed Drillbomb installation 31603 | -3/Protoforge | UFD reported confirmed Drillbomb installation 31819 | -3/Protoforge | Spotted Executioner 31827 | -3/Protoforge | Spotted Striker 31833 | -3/Protoforge | Allies destroyed Executioner 31858 | -3/Protoforge | Found Prototype Protection 31858 | -3/Protoforge | Identified Cep. Core Shell 31861 | -3/Protoforge | Found Cep. Core Shell 31871 | -3/Protoforge | Lost 3 parts (1n2u) 31923 | -3/Protoforge | Spotted Executioner 31924 | -3/Protoforge | Spotted Striker 31943 | -3/Protoforge | Lost 11 allies 32003 | -3/Protoforge | Spotted Executioner 32008 | -3/Protoforge | Spotted Executioner 32115 | -3/Protoforge | Spotted Striker 32116 | -3/Protoforge | Spotted Executioner 32122 | -3/Protoforge | Destroyed Striker 32127 | -3/Protoforge | Spotted Immortal 32128 | -3/Protoforge | Spotted Immortal 32138 | -3/Protoforge | Spotted Immortal 32141 | -3/Protoforge | Spotted Executioner 32146 | -3/Protoforge | Spotted Executioner 32148 | -3/Protoforge | Identified Transdimensional Reconstructor 32148 | -3/Protoforge | Warped through subspace 32149 | -3/Protoforge | Core integrity fell below 50% 32179 | -3/Protoforge | Lost 3 parts (1p1n1u) 32181 | -3/Protoforge | Destroyed Immortal 32206 | -3/Protoforge | Spotted Striker 32207 | -3/Protoforge | Spotted Striker 32220 | -3/Protoforge | Destroyed Executioner 32233 | -3/Protoforge | Found Prototype Device 32233 | -3/Protoforge | Identified Exp. Cloaking Device 32243 | -3/Protoforge | Found Prototype Device 32243 | -3/Protoforge | Identified Cep. Antimissile System 32250 | -3/Protoforge | Lost 22 allies 32253 | -3/Protoforge | Destroyed 11 combat bots 32254 | -3/Protoforge | Lost 7 parts (1p2n4u) 32256 | -3/Protoforge | P-80 Master assimilated allied 03F05-K 32258 | -3/Protoforge | Spotted 03F05-K 32259 | -3/Protoforge | Destroyed 03F05-K 32298 | -3/Protoforge | Spotted Striker 32307 | -3/Protoforge | Destroyed Striker 32329 | -3/Protoforge | Found Prototype Device 32329 | -3/Protoforge | Identified Adv. Kinecellerator 32336 | -3/Protoforge | Spotted Executioner 32336 | -3/Protoforge | Spotted Striker 32357 | -3/Protoforge | Destroyed Striker 32359 | -3/Protoforge | UFD reported confirmed Drillbomb installation 32405 | -3/Protoforge | Spotted Immortal 32405 | -3/Protoforge | Spotted Immortal 32406 | -3/Protoforge | Spotted Immortal 32413 | -3/Protoforge | Spotted Executioner 32414 | -3/Protoforge | Spotted Striker 32418 | -3/Protoforge | Spotted Striker 32426 | -3/Protoforge | Spotted Hotshot 32426 | -3/Protoforge | Spotted Hotshot 32437 | -3/Protoforge | Core integrity fell below 20% 32437 | -3/Protoforge | Destroyed Striker 32447 | -3/Protoforge | Spotted Striker 32448 | -3/Protoforge | Spotted Executioner 32450 | -3/Protoforge | Destroyed Immortal 32475 | -3/Protoforge | Spotted Striker 32478 | -3/Protoforge | Spotted Striker 32515 | -3/Protoforge | Spotted Executioner 32518 | -3/Protoforge | Spotted Striker 32523 | -3/Protoforge | Destroyed by G-67 Veteran with Plasma Rifle Last Messages --------------- damage, good trade yeah?" 32516_ N-04 Retriever collects Unknown Energy Gun. 32516_ Exp. Core Analyzer destroyed. 32517_ N-04 Retriever collects Prototype Piercing Weapon. 32518_ N-04 Retriever collects Exp. Cloaking Device. 32518_ N-04 Retriever collects Cep. Antimissile System. 32520_ Knocked back. 32520_ Penetrated by Slug. 32520_ Adv. Transmission Jammer destroyed. 32520_ N-04 Retriever collects Unknown Flight Unit. 32520_ Slug penetrates Wall. Superquantum Companion releases a shadow of itself that zips off towards Striker. 32523_ C-30 ARC bursts open, deploying its payload. 32523_ G-67 Veteran unfolds itself. 32523_ H-77 Assassin unfolds itself. 32523_ G-67 Veteran unfolds itself. 32523_ I-47 Archangel unfolds itself. 32523_ Slug penetrates Wall. 32523_ Penetrated by Slug. Map ----- +----------------------------------------------------+ | ##???#################?????????????????# | | ##???###### ##??????????????????# | | ##???????## ##??????????????????# | | ##???????## ##????????????????### | | ##???????## """""" ##????????????????#!#! | | "" """ ##???????## """""" ######???????????## ! | | """""" ##???????## """""" ######??????##### #! | | ?##???????## """ # ##???######### #!% | | ???########### # ####?##### # *# | | ##+################;###+##### ####?#" [ & | | " % ##### "" =[ % | | "%" ##### "T * | | " igK """## [ *% | | %g " " T "" %% | | ####" ### ###+##""hg !"%" """## | | ####"T### # ;; = % " ##### | | ??####### # "!%]%=/%/ # ### " #= | | ??####### # #!%] %*% %" ;#?## % | | ######### # ##=! = !*=" ##?#### # ! % | | ######### # ##* !=!==/! ##?## %% | | #### # #; [!%!! == ##?## " | | #### # #;%%=!!%!%" !##?## "" | | #### # #; =*%!%!! !##?## " % | | #### # ##%%[=!!%/===##### "" % | | " #### # #; *![K[*!%[ ; ### " | | " #### # ;;%!@!!!=!*] ; # "" %% | | " #### #########;% !!"^!=%* ; # "" % | | #### #######"#; % * %!*!% ; ## !%%% | | #### # =%; % !!=^ %% ; ;#####"""" % | | " "" #### # # % [%%%%% ; =# %%% | | "S"" #### # *== ! % s%;%;%;;;;#""""%%" | | """ #### " *%! =%% %%%%%% % % %%%%%% | | ######### # " =/! !=*! % %% % %% %% | | ######### # "" # =%=!% %%%%%% % %% | | ?????? # ;![! [ %! [ % " !! | | ##########+#######"####=%!#;#;;;##;%;;;%;;"""""#% | | #####????????????# #=! %# " | | ##???????????????# ;!# ## " | | ##???????????????# " " # # ! ; ";;#"### | | ##???????????????# " " # # ! %# " """ # | | ##???????????????# " T"# # ### """ # | | #####????????????# ""# # "## """ + | | ???##????????????# # # "## # | | ???##????????????####### + " # #% | | ???##????????????######### # # # | | ???##????????????##???###" ########## | | ???##????????????##?????#" ########## | | ???#?????????????##?????## !%=#T"####### | | ???##########################"#"##""!"# "####### | | #?################################ | +----------------------------------------------------+ Best States ------------- Heat Dissipation 75 Coolant Potential 50 Energy Generation 63 Energy Capacity 740 Matter Stores 300 Matter Capacity 300 Sight Range 23 Robot Scan Range 16 Terrain Scan Density 10 Jamming Range 16 Cloak Strength 3 Armor Coverage 825 Resistance: EM 75 Core Shielding 90 Utility Shielding 66 Point Defense Rating 480 Melee Speed Boost 40 Phase Shifting 20 Evasion (%) 92 Melee Accuracy 8 Core Analysis 11 Recoil Reduction 5 Kinecelleration 50 Offensive Hacking 14 Relay Coupler Types 3 Relay Coupler Value 34 Item Schematics ----------------- Assault Drone Bay | -4/Zhirov | Free Exp. Heat Sink | -4/Zhirov | Free Exp. Optical Array | -4/Zhirov | Free Imp. Arc Thrower | -4/Zhirov | Free Enh. Flexi-carbon Leg | -3/Quarantine | Scanalyzed Nanoactuators | -3/Protoforge | Hacked Robot Schematics ------------------ M-13 Machinist | -10/Materials | Hacked B-36 Bruiser | -9/Recycling | Hacked Fabricated ------------ Adv. Hacking Suite | x1 | -6/Factory | Preloaded Repaired ---------- Aluminum Leg | 37% | -10/Materials Disposable Heat Sink | 16% | -9/Materials Imp. Heavy Treads | 70% | -6/Factory Enh. Biometal Leg | 38% | -3/Quarantine Enh. Biometal Leg | 39% | -3/Quarantine | Broken Alien Tech Used ----------------- Integrated Reactor Phase Redirector Subatomic Replicator Transdimensional Reconstructor Achievements -------------- None Challenges ------------ None Game ------ Seed ThermalHackingDeflector Manual? 0 Play Time 03:25:20 Cumulative 684.7 hours Start 2025.05.09 @ 19:35:13 End 2025.05.10 @ 14:45:46 Sessions 9 Manual Loads 0 Difficulty Rogue Special Mode None Game No. 365 Rogue 365 Adventurer 0 Explorer 0 Win Type - Total 55 Types 37/4/5/2/1/1/3/1/1/0 Lore% 90 Gallery% 83 Achievement% 91 Wizard Run 0 Options --------- Layout 0 ASCII 0 Keyboard 1 Movement Numpad Keybinds 0 Fullscreen 2 Font 18/SmallcapsGlow Map View 76x50 Zoom Use 0% Tactical HUD 1 Map Filters NONE Filters NONE Steam 1 RUN: 9270a5fb-60a2-48d6-a19a-57a5a85bafd1